 Dungeon Crawl Stone Soup version 0.17.0-9-g801d43b (webtiles) character file.

8152 oplop the Covert (level 11, -6/58 HPs)
             Began as a Vine Stalker Assassin on Nov 9, 2015.
             Was a Follower of Ru.
             Killed from afar by an electric eel (10 damage)
             ... with a bolt of electricity
             ... on level 10 of the Dungeon.
             The game lasted 00:25:05 (8014 turns).

oplop the Covert (Vine Stalker Assassin)            Turns: 8014, Time: 00:25:05

Health: -6/58      AC:  9    Str: 11    XL:     11   Next: 26%
Magic:  0/16       EV: 20    Int:  9    God:    Ru [*.....]
Gold:   685        SH:  0    Dex: 18    Spells: 0 memorised, 10 levels left

rFire  + . .     SeeInvis .     a - +2 dagger (drain)
rCold  . . .     Clarity  .     l - +2 robe {rF+}
rNeg   . . .     SustAt   .     (no shield)
rPois  .         Gourm    .     (no helmet)
rElec  .         Spirit   +     H - +2 cloak
rCorr  .         Warding  .     (no gloves)
rMut   .         Stasis   .     (no boots)
MR     +....                    J - amulet of faith
Stlth  ++++......               w - +2 ring of evasion
                                r - +2 ring of protection

@: about to teleport, somewhat resistant to hostile enchantments, stealthy
A: fangs 3, dopey 1, regeneration 2, weak 2, magic shield, antimagic bite, no
device heal 3, rot immunity, hated by all
a: Renounce Religion


You were on level 10 of the Dungeon.
You worshipped Ru.
Ru was aware of your devotion.
You were not hungry.

You visited 1 branch of the dungeon, and saw 10 of its levels.

You collected 685 gold pieces.

Inventory:

Hand Weapons
 a - a +2 dagger of draining (weapon)
 b - a +0 blowgun
 i - a +2 dagger
Missiles
 e - 22 poisoned needles
 n - 2 curare-tipped needles
Armour
 l - a +2 robe of fire resistance (worn)
 H - a +2 cloak (worn)
Jewellery
 c - an uncursed ring of teleportation
 p - an uncursed amulet of clarity
 r - a +2 ring of protection (left hand)
 v - an uncursed ring of protection from cold
 w - a +2 ring of evasion (right hand)
 x - an uncursed ring of fire
 z - an uncursed ring of protection from fire
 G - an uncursed ring of flight
 I - an uncursed ring of positive energy
 J - an amulet of faith (around neck)
Wands
 q - a wand of paralysis (0)
Scrolls
 d - 2 scrolls of magic mapping
 o - a scroll of enchant armour
 s - 3 scrolls of recharging
 u - 3 scrolls of immolation
 y - a scroll of remove curse
 B - a scroll of fear
 D - 3 scrolls of teleportation
 E - a scroll of vulnerability
 F - 4 scrolls of identify
Potions
 h - 3 potions of brilliance
 j - a potion of flight
 k - 2 potions of lignification
 m - a potion of magic
 A - 2 potions of curing {unknown}
Books
 t - a book of Hinderance

   Spells                             Type                      Level
   a - Confusing Touch                Hexes                        2
   b - Confuse                        Hexes                        3
   c - Gell's Gravitas                Hexes/Translocation          3
   d - Petrify                        Transmutation/Earth          4
   e - Metabolic Englaciation         Hexes/Ice                    5
Comestibles
 f - a fruit
 g - 10 bread rations
 C - 2 chunks of flesh
 K - a slice of pizza


   Skills:
 - Level 6.4 Fighting
 + Level 8.6 Short Blades
 - Level 1.7 Throwing
 * Level 8.0 Dodging
 - Level 9.6 Stealth
 + Level 5.3 Evocations


You had 10 spell levels left.
You didn't know any spells.

Dungeon Overview and Level Annotations

Branches:
Dungeon (10/15)            Temple (0/1) D:5            Lair (0/8) D:10
    Orc: D:9-12

Altars:
Elyvilon
Makhleb
Nemelex Xobeh
Ru
Sif Muna
Trog
Vehumet
Xom

Shops:
D:6 (   D:8 *

Annotations:
D:3 Grinder


Innate Abilities, Weirdness & Mutations

You have razor-sharp teeth.
You heal very quickly.
You are very weak. (Str -4)
When hurt, damage is shared between your health and your magic reserves.
Your bite disrupts and absorbs the magic of your enemies.
Potions and wands cannot restore your health.
You are immune to rotting.
You are hated by all.
You are dopey. (Int -2)


Message History

Moving in this stuff is going to be slow.
The electric eel shoots out a bolt of lightning at you!
The bolt of electricity hits you!
* * * LOW HITPOINT WARNING * * *
The electric eel shoots out a bolt of lightning at you!
The bolt of electricity hits you!
* * * LOW HITPOINT WARNING * * *
Found 19 gold pieces.
Read which item? (? for menu, Esc to quit)
As you read the scroll of teleportation, it crumbles to dust.
You feel strangely unstable.
The electric eel shoots out a bolt of lightning at you!
The bolt of electricity hits you!
* * * LOW HITPOINT WARNING * * *
The bolt of electricity misses you.
The bolt of electricity hits the electric eel.
The electric eel completely resists.
The electric eel shoots out a bolt of lightning at you!
The bolt of electricity hits you!
You die...

#####..........##.####
......................
.............†........
.≈.≈≈..........#......
.≈.≈≈≈(≈......##......
.#...≈≈.≈.≈≈≈.≈≈...........##
....≈≈≈≈≈.≈≈≈≈...#..)........
....≈≈≈≈≈.≈≈;..≈.#...........
.....≈≈≈≈.≈≈≈≈;.@#...........
.....≈≈≈≈...≈≈≈..####)....##
....≈≈≈.....≈≈≈≈.# #......##
....≈≈≈....≈≈≈≈≈≈. #.......#
+#.;.≈≈....≈≈≈≈≈≈.. #.......#
<...≈≈.≈.>.≈≈≈≈≈≈.$ #.......#
....≈≈≈.(..≈≈≈≈≈≈...#.......#
...≈≈≈≈.≈.≈.≈≈≈≈≈...#.......#
.....≈≈≈≈≈≈≈ ###....##


You could see 2 electric eels.

Vanquished Creatures
  Erolcha (D:9)
  2 hill giants
  Pikel (D:7)
  Maurice (D:8)
  A troll (D:10)
  2 two-headed ogres
  Sigmund (D:5)
  A spriggan (D:8)
  2 hippogriffs
  Menkaure (D:5)
  Duvessa (D:5)
  3 ogres
  A wasp (D:9)
  2 black bears
  A necrophage (D:7)
  A sky beast (D:7)
  A phantom (D:8)
  2 ice beasts
  3 orc warriors
  3 centaurs
  4 slaves (D:7)
  A big kobold (D:8)
  4 giant frogs
  Blork the orc (D:6)
  Dowan (D:5)
  A water moccasin skeleton (D:4)
  2 scorpions
  10 killer bees
  3 wights (D:9)
  2 centaur zombies
  A crimson imp (D:5)
  A quasit (D:8)
  6 hounds
  2 jellies
  13 two-headed ogre zombies (D:9)
  A centaur skeleton (D:6)
  3 orc priests
  Ijyb (D:2)
  5 orc wizards
  Jessica (D:3)
  A giant frog skeleton (D:5)
  5 worker ants
  A killer bee zombie (D:7)
  A hound skeleton (D:4)
  A hound zombie (D:9)
  A worker ant zombie (D:7)
  8 adders
  A shadow imp (D:6)
  2 adder zombies
  2 adder skeletons
  3 worms
  9 giant geckos
  39 orcs
  2 ball pythons
  8 bats
  5 giant cockroaches
  16 hobgoblins
  12 jackals
  10 kobolds
  3 quokkas
  A giant gecko skeleton (D:7)
  8 giant newts
  9 goblins
  A jackal skeleton (D:4)
  A quokka zombie (D:6)
  8 rats
252 creatures vanquished.

Vanquished Creatures (others)
  A troll (D:9)
1 creature vanquished.

Grand Total: 253 creatures vanquished

Notes
Turn   | Place    | Note
--------------------------------------------------------------
     0 | D:1      | oplop the Vine Stalker Assassin began the quest for the Orb.
     0 | D:1      | Reached XP level 1. HP: 11/11 MP: 2/2
   120 | D:1      | Reached skill level 5 in Stealth
   157 | D:1      | Reached XP level 2. HP: 13/15 MP: 1/3
   453 | D:1      | Reached XP level 3. HP: 19/19 MP: 4/4
   962 | D:2      | Noticed Ijyb
   990 | D:2      | Killed Ijyb
   990 | D:2      | Reached XP level 4. HP: 8/23 MP: 5/5
  1026 | D:2      | Found a sacrificial altar of Ru.
  1038 | D:2      | Became a worshipper of Ru the Awakened
  1325 | D:2      | Reached XP level 5. HP: 28/28 MP: 6/6
  1448 | D:3      | Reached skill level 6 in Stealth
  1739 | D:3      | Gained mutation: You heal very quickly. [Vine Stalker growth]
  1739 | D:3      | Reached XP level 6. HP: 17/32 MP: 7/7
  1902 | D:3      | Noticed Grinder
  1912 | D:3      | Paralysed by Grinder for 6 turns
  1962 | D:3      | Paralysed by Grinder for 6 turns
  2013 | D:3      | Gained mutation: You are weak. (Str -2) [potion of mutation]
  2013 | D:3      | Gained mutation: You are dopey. (Int -2) [potion of mutation]
  2163 | D:3      | Noticed Jessica
  2168 | D:3      | Killed Jessica
  2193 | D:3      | Gained mutation: You are hated by all. [Ru sacrifice]
  2193 | D:3      | Reached * piety under Ru
  2277 | D:4      | Found a sparkling altar of Nemelex Xobeh.
  2412 | D:4      | Got a twisted ring mail
  2431 | D:4      | Identified the +2 ring mail "Vural" {+Blink Dex-3 SInv} (You found it on level 4 of the Dungeon)
  2864 | D:4      | Found a bloodstained altar of Trog.
  3000 | D:4      | Reached skill level 7 in Stealth
  3000 | D:4      | Reached XP level 7. HP: 28/37 MP: 6/8
  3064 | D:4      | Found a white marble altar of Elyvilon.
  3072 | D:4      | Found a radiant altar of Vehumet.
  3089 | D:4      | Found a burning altar of Makhleb.
  3200 | D:5      | Entered Level 5 of the Dungeon
  3236 | D:5      | Noticed Sigmund
  3243 | D:5      | Killed Sigmund
  3243 | D:5      | Reached skill level 8 in Stealth
  3266 | D:5      | Noticed Dowan
  3268 | D:5      | Noticed Duvessa
  3294 | D:5      | Killed Duvessa
  3294 | D:5      | Reached skill level 5 in Fighting
  3294 | D:5      | Reached skill level 5 in Short Blades
  3294 | D:5      | Gained mutation: You have razor-sharp teeth. [Vine Stalker growth]
  3294 | D:5      | Reached XP level 8. HP: 27/43 MP: 6/9
  3324 | D:5      | Killed Dowan
  3711 | D:5      | Noticed Menkaure
  3908 | D:5      | Found a staircase to the Ecumenical Temple.
  4012 | D:5      | HP: 1/44 [Menkaure (3)]
  4017 | D:5      | Killed Menkaure
  4017 | D:5      | Reached skill level 9 in Stealth
  4124 | D:5      | Found a deep blue altar of Sif Muna.
  4179 | D:6      | Noticed Blork the orc
  4201 | D:6      | Killed Blork the orc
  4243 | D:6      | Found Odghodeb's Weapon Shop.
  4417 | D:6      | Reached XP level 9. HP: 42/48 MP: 10/10
  4587 | D:6      | Reached skill level 1 in Dodging
  5213 | D:7      | Reached skill level 1 in Evocations
  5222 | D:7      | Noticed Pikel
  5257 | D:7      | Killed Pikel
  5755 | D:8      | Noticed Maurice
  5811 | D:8      | Found a shimmering altar of Xom.
  5839 | D:8      | Found Adomnoes's Assorted Antiques.
  5962 | D:8      | Reached XP level 10. HP: 53/53 MP: 13/13
  5995 | D:8      | Noticed a hill giant
  6029 | D:8      | Killed a hill giant
  6029 | D:8      | Reached skill level 5 in Dodging
  6234 | D:8      | Killed Maurice
  6262 | D:8      | Gained mutation: You are very weak. (Str -4) [Ru sacrifice]
  7629 | D:9      | Noticed Erolcha
  7720 | D:9      | Killed Erolcha
  7720 | D:9      | Reached skill level 5 in Evocations
  7720 | D:9      | Reached XP level 11. HP: 43/58 MP: 12/15
  7829 | D:10     | Entered Level 10 of the Dungeon
  7831 | D:10     | Found a staircase to the Lair.
  7841 | D:10     | Noticed a hill giant
  8002 | D:10     | Killed a hill giant
  8014 | D:10     | Killed from afar by an electric eel

Action                   |  1- 3 |  4- 6 |  7- 9 | 10-12 || total
-------------------------+-------+-------+-------+-------++-------
Melee: Dagger            |   105 |   199 |   385 |   397 ||  1086
 Fire: Blowgun           |    13 |    21 |    26 |     6 ||    66
Throw: Javelin           |       |       |     1 |     7 ||     8
       Throwing net      |       |       |       |     1 ||     1
Invok: Sacrifice Love    |       |     1 |       |       ||     1
       Reject Sacrifices |       |       |     1 |       ||     1
       Sacrifice Purity  |       |       |       |     1 ||     1
  Use: Scroll            |       |    10 |     4 |     5 ||    19
       Potion            |       |     1 |     7 |       ||     8
 Stab: Sleeping          |     5 |    13 |    12 |    10 ||    40
       Distracted        |       |     1 |       |     3 ||     4
       Held in net/web   |       |       |       |     1 ||     1
  Eat: Chunk             |       |     3 |     6 |       ||     9
       Meat ration       |       |     1 |       |     2 ||     3
       Beef jerky        |       |       |     2 |       ||     2
